 Dungeon Crawl Stone Soup version 0.28-a0-674-gdaf460b524 (webtiles) character file.

Game seed: 4711767922661447328

25 Sabo the Fighter (level 3, 38/38 HPs)
             Began as a Gnoll Wanderer on Oct 17, 2021.
             Was a Follower of Jiyva.
             Got out of the dungeon alive.
             The game lasted 00:06:14 (726 turns).

Sabo the Fighter (Gnoll Wanderer)                    Turns: 726, Time: 00:06:15

Health: 38/38      AC:  9    Str: 11    XL:     3   Next: 4%
Magic:  3/3        EV:  8    Int: 12    God:    Jiyva [*.....]
Gold:   69         SH:  3    Dex: 11    Spells: 3/3 levels left

rFire   . . .      SeeInvis .   a - +0 hand crossbow
rCold   . . .      Faith    .   h - +0 buckler
rNeg    . . .      Spirit   .   b - +2 scale mail
rPois   .          Reflect  .   (no helmet)
rElec   .          Harm     .   (no cloak)
rCorr   .          Rampage  .   (no gloves)
Will    .....                   (no boots)
Stlth   +.........              (no amulet)
HPRegen 0.12/turn               (no ring)
MPRegen 0.08/turn               (no ring)

@: no status effects
A: fangs 1, strong nose, distributed training
a: Renounce Religion, Request Jelly


You escaped.
You worshipped Jiyva.
Jiyva was aware of your devotion.
You visited 1 branch of the dungeon, and saw 1 of its levels.

You collected 69 gold pieces.

Inventory:

Hand Weapons
 a - a +0 hand crossbow (weapon)
 k - a +0 short sword
Missiles
 c - 15 bolts (quivered ammo)
 f - 13 poisoned darts
Armour
 b - a +2 scale mail (worn)
 h - a +0 buckler (worn)
Jewellery
 l - a ring of magical power
Scrolls
 j - a scroll of magic mapping {unknown}
Potions
 d - a potion of curing
 e - a potion of ambrosia {unknown}
 g - 2 potions of degeneration {unknown}
 i - a potion of heal wounds {unknown}
 m - a potion of flight {unknown}


   Skills:
 + Level 8.5 Fighting
 + Level 0.5 Short Blades
 + Level 0.5 Long Blades
 + Level 2.5 Axes
 + Level 0.5 Maces & Flails
 + Level 0.5 Polearms
 + Level 0.5 Staves
 + Level 0.5 Slings
 + Level 0.5 Bows
 + Level 0.5 Crossbows
 + Level 2.5 Throwing
 + Level 6.5 Armour
 + Level 0.5 Dodging
 + Level 2.3 Stealth
 + Level 0.5 Shields
 + Level 0.5 Unarmed Combat
 + Level 0.5 Spellcasting
 + Level 0.4 Conjurations
 + Level 0.4 Hexes
 + Level 0.4 Summonings
 + Level 0.4 Necromancy
 + Level 0.4 Translocations
 + Level 0.4 Transmutations
 + Level 0.4 Fire Magic
 + Level 0.4 Ice Magic
 + Level 0.4 Air Magic
 + Level 0.4 Earth Magic
 + Level 0.4 Poison Magic
 + Level 0.7 Invocations
 + Level 0.5 Evocations


You had 3 spell levels left.
You didn't know any spells.
Your spell library was empty.

Dungeon Overview and Level Annotations

Branches:
Dungeon (1/15)

Altars:
Jiyva


Innate Abilities, Weirdness & Mutations

You have very sharp teeth.
Your uncanny sense of smell can sniff out nearby items.
Your experience applies equally to all skills.


Message History

c - 15 bolts (gained 1)
You start resting.
HP restored.
Found a robe.
There is a faded altar of an unknown god here.
You cannot tell which god this altar belongs to.
Convert to them anyway?
Jiyva accepts your prayer! Jiyva welcomes you! Jiyva grants you a jelly!
You can now request a jelly.
There is a viscous altar of Jiyva here.
Really attack while wielding your +0 hand crossbow? [Y]es or [N]o only, please.
Really attack while wielding your +0 hand crossbow? [Y]es or [N]o only, please.
Really attack while wielding your +0 hand crossbow? [Y]es or [N]o only, please.
Really attack while wielding your +0 hand crossbow? [Y]es or [N]o only, please.
Really attack while wielding your +0 hand crossbow? [Y]es or [N]o only, please.
Really attack while wielding your +0 hand crossbow?
Okay, then.
You hear a slurping noise.
A dart slug comes into view.
Found a puce potion.
The jelly hits the dart slug.
The dart slug is splashed with acid.
The acid corrodes the dart slug!
The jelly hits the dart slug.
The dart slug is splashed with acid!
The dart slug dies!
You hear a slurping noise.
You swap places.
Found 13 gold pieces.
m - a puce potion You now have 69 gold pieces (gained 13).
You enter the shallow water.
Moving in this stuff is going to be slow.
There is a staircase leading out of the dungeon here.
You can't go down here!
Are you sure you want to leave the Dungeon?
This will make you lose the game!
You have escaped!

###...##.#.# #...##......
###..#...############.###..
##.#.#.#.#.##.......#....
#..#.#.#.#.#.#######.##.
#.#.#.#.#.##.#######.#..
#..#.#.#.#.#.......#....
#.#.≈≈≈≈≈.########.#.###
#..#≈...≈#.# #.#....
#.#.≈..@≈.## #.#..##
#..#≈...≈#.# #.#...#
###.≈≈≈≈≈.########.#####
#.#.#.#.#..............
##.#.#.#.#.############
#.#.#.#.#..# ##.#.#.#.#.#
#######...# #####


There were no monsters in sight!

Vanquished Creatures
  A dart slug (D:1)
  2 ball pythons (D:1)
  2 endoplasms (D:1)
  4 jackals (D:1)
  A kobold (D:1)
  A quokka (D:1)
  2 bats (D:1)
  2 frilled lizards (D:1)
  8 rats (D:1)
23 creatures vanquished.

Vanquished Creatures (others)
  A dart slug (D:1)
1 creature vanquished.

Grand Total: 24 creatures vanquished

Notes
Turn   | Place    | Note
-------+----------+-------------------------------------------
     0 | D:1      | Sabo the Gnoll Wanderer began the quest for the Orb.
     0 | D:1      | Sabo set off with the following items: a +0 hand crossbow,
                  | a +2 scale mail, 23 bolts, a potion of curing
     0 | D:1      | Reached XP level 1. HP: 26/26 MP: 1/1
   354 | D:1      | Reached XP level 2. HP: 33/33 MP: 2/2
   599 | D:1      | Reached XP level 3. HP: 33/38 MP: 3/3
   612 | D:1      | Found a faded altar of an unknown god.
   650 | D:1      | Prayed at the altar of an unknown god.
   650 | D:1      | Became a worshipper of Jiyva Jutu the Shapeless
   650 | D:1      | Reached * piety under Jiyva
   726 | D:$      | Got out of the dungeon alive.

Illustrated notes

Levels and vault maps discovered:
D:1:      ncdulo_watergridlock, layout_basic,
          ebering_ecumenical_altar_petrified, minmay_rat_gold_closets

Action                   || total
-------------------------++-------
 Fire: Hand crossbow     ||    44
Armor: Scale mail        ||    11
Dodge: Dodged            ||    11
Block: Buckler           ||     1

Table legend: (Time is in decaauts)
 A = Elapsed time spent in this place.
 B = Non-inter-level travel time spent in this place.
 C = Inter-level travel time spent in this place.
 D = Time resting spent in this place.
 E = Time spent auto-exploring this place.
 F = Levels seen in this place.
 G = Mean time per level.
                   A        B        C        D        E       F      G
               +--------+--------+--------+--------+--------+-----+--------+
         Total |    753 |    727 |     26 |     25 |      0 |   1 |  753.0 |
       Dungeon |    753 |    727 |     26 |     25 |      0 |   1 |  753.0 |
               +--------+--------+--------+--------+--------+-----+--------+

Top non-repeatable levels by time:
     D:1: 753 daAuts
